 Dungeon Crawl Stone Soup version 0.20.0-15-g7f486f2 (webtiles) character file.

144 Chiseanne the Magician (level 5, 15/36 HPs)
             Began as a Demonspawn Wizard on June 15, 2017.
             Quit the game on level 2 of the Dungeon.
             The game lasted 00:04:56 (3368 turns).

Chiseanne the Magician (Demonspawn Wizard)          Turns: 3368, Time: 00:04:56

Health: 15/36      AC:  4    Str:  7    XL:     5   Next: 5%
Magic:  2/11       EV: 11    Int: 21    God:
Gold:   51         SH:  0    Dex: 11    Spells: 6/12 levels left

rFire    . . .     SeeInvis .   k - +0 spear
rCold    . . .     Gourm    .   (no shield)
rNeg     . . .     Faith    .   o - +0 leather armour
rPois    .         Spirit   .   b - +0 hat
rElec    .         Reflect  .   (no cloak)
rCorr    .         Harm     .   (no gloves)
MR       .....                  (no boots)
Stlth    +.........             (no amulet)
Regen    0.2/turn               (no ring)
MPRegen  0.2/turn               (no ring)

@: no status effects
A: horns 1, rugged brown scales 1, rot immunity
a: no special abilities


You were on level 2 of the Dungeon.
You were hungry.

You visited 1 branch of the dungeon, and saw 3 of its levels.

You collected 51 gold pieces.

Inventory:

Hand Weapons
 k - a +0 spear (weapon)
Missiles
 e - 100 stones (quivered)
 h - 23 arrows
 s - 24 bolts
Armour
 b - a +0 hat (worn)
 o - a +0 leather armour (worn)
Scrolls
 i - 2 scrolls of teleportation
 n - 2 scrolls of remove curse {unknown}
 r - a scroll of identify
Potions
 a - a potion of magic {unknown}
 g - a potion of berserk rage {unknown}
 j - 4 potions of lignification
 l - a potion of invisibility {unknown}
 m - 2 potions of haste {unknown}
 p - a potion of degeneration {unknown}
Books
 c - a book of Minor Magic

   Spells                             Type                      Level
   a - Magic Dart                     Conjuration                  1
   b - Blink                          Translocation                2
   c - Call Imp                       Summoning                    2
   d - Slow                           Hexes                        2
   e - Conjure Flame                  Conjuration/Fire             3
   f - Mephitic Cloud                 Conjuration/Poison/Air       3
Comestibles
 d - a bread ration
 f - a royal jelly


   Skills:
 - Level 1.7 Dodging
 - Level 1.7 Stealth
 * Level 4.2 Spellcasting
 * Level 3.6 Conjurations
   Level 1.0 Summonings
 - Level 0.8 Translocations


You had 6 spell levels left.
You knew the following spells:

 Your Spells              Type           Power        Failure   Level  Hunger
a - Magic Dart            Conj           ###.         4%          1    None
b - Blink                 Tloc           N/A          19%         2    #......
c - Conjure Flame         Conj/Fire      ##......     26%         3    ###....


Dungeon Overview and Level Annotations

Branches:
Dungeon (3/15)

Altars:
Trog


Innate Abilities, Weirdness & Mutations

You have a pair of small horns on your head.
You are partially covered in rugged brown scales. (AC +1, +3% HP)
You are immune to rotting.


Message History

A sky beast appears from thin air!
Reactivating autopickup.
You continue memorising.
The sky beast is engulfed in blazing flames.
The sky beast misses you.
You continue memorising.
The sky beast is engulfed in blazing flames.
The sky beast hits you.
Your memorisation is interrupted.
The sky beast shocks you.
Casting: Conjure Flame
Confirm with . or Enter, or press ? or * to list all spells.
You blink.
Your Spellcasting skill increases to level 4!
Your Conjurations skill increases to level 3!
You have reached level 4!
You feel clever.
Your demonic ancestry asserts itself...
A pair of horns grows on your head!
You have reached level 5!
You feel a bit more experienced.
Are you sure you want to abandon this character and quit the game? (Confirm with "yes".)

#..............................#
#.#####.####.####.############.#
#.....#.# #># #.# #.# .####...##
#.# #.# #.# .# ##...###≈# #.# #.#
.# ##....#Y# #.# #.# .#
#.....§####.############.## .##
#.####....#...........##.#.
..#####.####.##.@.#########..#.#.
......................## ##.#.#.
...).................#.# ###.#.
...8.......8........#.## #.#.
...................#.###### #.#.
..8.........8.....#.###...## #.##
.................#.## #....###...
...8.......8....#.## ###...#####
...#..#.#..#...#.########.#......


There were no monsters in sight!

Vanquished Creatures
  A sky beast (D:2)
  An ooze (D:1)
  A dart slug (D:2)
  2 leopard geckos
  4 bats
  2 giant cockroaches
  5 goblins
  4 hobgoblins
  6 jackals
  5 frilled lizards
  6 kobolds
  4 rats
41 creatures vanquished.

Notes
Turn   | Place    | Note
-------+----------+-------------------------------------------
     0 | D:1      | Chiseanne the Demonspawn Wizard began the quest for the Orb.
     0 | D:1      | Reached XP level 1. HP: 13/13 MP: 4/4
   363 | D:1      | Gained mutation: You are partially covered in rugged brown scales. (AC +1, +3% HP) [demonic ancestry]
   363 | D:1      | Reached XP level 2. HP: 1/19 MP: 0/6
  1522 | D:1      | Learned a level 2 spell: Blink
  1619 | D:2      | Gained mutation: You are immune to rotting. [demonic ancestry]
  1619 | D:2      | Reached XP level 3. HP: 24/24 MP: 5/7
  2644 | D:2      | Found a bloodstained altar of Trog.
  2646 | D:2      | Noticed a sky beast
  3352 | D:3      | Learned a level 3 spell: Conjure Flame
  3367 | D:2      | Killed a sky beast
  3367 | D:2      | Reached skill level 4 in Spellcasting
  3367 | D:2      | Gained mutation: You have a pair of small horns on your head. [demonic ancestry]
  3367 | D:2      | Reached XP level 4. HP: 12/30 MP: 2/10
  3367 | D:2      | Reached XP level 5. HP: 15/36 MP: 2/11
  3368 | D:2      | Quit the game

Skill      XL: |  1  2  3 |
---------------+----------+-----
Conjurations   | 2 3 |  3.6
Spellcasting   | 4 |  4.2
Dodging        | |  1.7
Stealth        | |  1.7
Summonings     | |  1.0
Translocations | |  0.8

Action                   |  1- 3 |  4- 6 || total
-------------------------+-------+-------++-------
Melee: Unarmed           |    11 |       ||    11
       Spear             |    35 |       ||    35
 Cast: Magic Dart        |   104 |       ||   104
       Blink             |     6 |       ||     6
       Conjure Flame     |     1 |       ||     1
  Use: Scroll            |     3 |       ||     3
  Eat: Chunk             |     5 |       ||     5
       Royal jelly       |     1 |       ||     1
Armor: Robe              |     3 |       ||     3
       Leather armour    |    20 |       ||    20
Dodge: Dodged            |    52 |       ||    52
